[Event "Titled Tuesday Blitz March 07 Early 2023"]
[White "Principe, Gerson"]
[Black "Delorme, Alban"]
[WhiteFideId "3804550"]
[BlackFideId "623636"]
[WhiteElo "2229"]
[BlackElo "2196"]
[Result "0-1"]
[Round "01"]
[TimeControl "180+2"]
[Date "2023.03.07"]
[WhiteClock "0:00:02"]
[BlackClock "0:00:08"]

1. d4 Nf6 2. Nf3 g6 3. e3 Bg7 4. Be2 O-O 5. O-O c5 6. c3 d6 7. b4 b6 8. a4 Nd5 9. Ba3 a5 10. bxc5 dxc5 11. Bc4 cxd4 12. cxd4 Ba6 13. Bxa6 Nxa6 14. Qb3 Re8 15. Nc3 Nxc3 16. Qxc3 Rc8 17. Qb3 Nc5 18. dxc5 Bxa1 19. Rxa1 bxc5 20. Qc4 Qd6 21. h4 h5 22. Ng5 e6 23. Bb2 Qd5 24. Qc3 e5 25. e4 Qd4 26. Qf3 Qd7 27. Rd1 Qe7 28. Rd5 f6 29. Nh3 c4 30. Bc3 Red8 31. g4 Rxd5 32. exd5 hxg4 33. Qxg4 Rd8 34. h5 f5 35. Qg3 Rxd5 36. hxg6 Rd3 37. Qxe5 Qxe5 38. Bxe5 c3 39. Nf4 Rd1+ 40. Kg2 c2 41. Bb2 Rb1 42. Ba3 c1=Q 43. Bxc1 Rxc1 44. Kg3 Rc3+ 45. Kh4 Rc4 46. Kg5 Rxa4 47. Kxf5 Rb4 48. Kg5 Rb5+ 49. Kh6 Rf5 0-1


[Site "https://www.chess.com"]

[Event "Titled Tuesday Blitz March 07 Early 2023"]
[White "Larina, Maria"]
[Black "Kokoszczynski, Jan"]
[WhiteFideId "24113182"]
[BlackFideId "1174460"]
[WhiteElo "1848"]
[BlackElo "2139"]
[Result "0-1"]
[Round "01"]
[TimeControl "180+2"]
[Date "2023.03.07"]
[WhiteClock "0:00:05"]
[BlackClock "0:00:08"]

1. e4 e5 2. Nf3 Nc6 3. Nc3 Nf6 4. Bb5 Bd6 5. d3 O-O 6. a3 h6 7. O-O Re8 8. Re1 Bc5 9. h3 d6 10. Bxc6 bxc6 11. d4 exd4 12. Nxd4 Bd7 13. Bf4 a5 14. b3 Qe7 15. Qd3 Rad8 16. Rad1 Bxd4 17. Qxd4 c5 18. Qd3 Bc6 19. Nd5 Bxd5 20. exd5 Qd7 21. c4 Rb8 22. Qc3 Ne4 23. Qc2 Qf5 24. Be3 Re7 25. Re2 Rbe8 26. Rde1 Qg6 27. Bd2 Nxd2 28. Qxd2 Rxe2 29. Rxe2 Qb1+ 30. Kh2 Rxe2 31. Qxe2 Qxb3 32. Qe8+ Kh7 33. Qe4+ g6 34. Qe7 Kg7 35. Qxc7 Qxc4 36. Qxd6 Qd4 37. f4 c4 38. Qe5+ Qxe5 39. fxe5 c3 40. d6 c2 41. d7 c1=Q 42. d8=Q Qf4+ 43. Kh1 Qxe5 44. Qd3 h5 45. Kg1 Qc5+ 46. Kh1 Qc1+ 47. Kh2 Qf4+ 48. Kg1 a4 49. Qc3+ Qf6 50. Qd3 Qc6 51. Qd4+ Kg8 52. Qb4 Qd7 53. Kh2 Qc7+ 54. Kg1 Qd7 55. Kh2 Kg7 56. Kg1 Qc6 57. Qd4+ Kg8 58. Qb4 Kh7 59. Qf4 Qd5 60. Kh2 Kg7 61. h4 Qb3 62. Qd6 Kg8 63. Qd8+ Kh7 64. Qd6 Qe6 65. Qb4 Qc6 66. Kg1 Kg7 67. Kh2 Qc7+ 68. Kg1 Qc6 69. Kh2 Kg8 70. Kg1 Qd7 71. Kh2 Qd1 72. Qb8+ Kg7 73. Qb4 Qg4 74. Qc3+ Kh7 75. g3 Qd7 76. Kg2 Qb7+ 77. Kh3 Qd5 78. Kh2 Qa2+ 79. Kh3 Qe6+ 80. Kh2 Qe2+ 81. Kh3 Qd1 82. Qe3 Qh1# 0-1


[Site "https://www.chess.com"]

[Event "Titled Tuesday Blitz March 07 Early 2023"]
[White "Fernandez Garcia, Gumersindo"]
[Black "Latreche, Khadidja"]
[WhiteFideId "24516740"]
[BlackFideId "7901780"]
[WhiteElo "2093"]
[BlackElo "1869"]
[Result "1-0"]
[Round "01"]
[TimeControl "180+2"]
[Date "2023.03.07"]
[WhiteClock "0:00:04"]
[BlackClock "0:00:02"]

1. e4 c5 2. c3 Nf6 3. e5 Nd5 4. d4 cxd4 5. Nf3 e6 6. cxd4 d6 7. Bc4 Nb6 8. Bb5+ Bd7 9. Bxd7+ N8xd7 10. O-O dxe5 11. dxe5 Be7 12. Nc3 O-O 13. Bf4 a6 14. Qe2 Rc8 15. Rfd1 Qc7 16. Rac1 Qb8 17. h4 Rfd8 18. Ne4 Nd5 19. Bg3 Rxc1 20. Rxc1 Rc8 21. Rxc8+ Qxc8 22. Nd6 Qc6 23. Nd4 Qc7 24. Kh2 h6 25. b3 b5 26. a4 bxa4 27. bxa4 a5 28. Qa6 Qc5 29. Nc6 Bf8 30. Qc8 N5b6 31. Ne7+ Kh7 32. Qe8 Bxe7 33. Qxe7 Nxe5 34. f3 Nd5 35. Qf8 Nxf3+ 36. gxf3 Qc2+ 37. Kg1 Ne3 38. Bf2 Qd1+ 39. Kh2 Qe2 40. Kg3 Nf1+ 41. Kg2 Ne3+ 42. Kg3 Nf1+ 43. Kf4 Qxf2 44. Nxf7 Qe3+ 45. Kg4 Qg1+ 46. Kf4 Qg3+ 47. Ke4 Qg6+ 48. Kd4 Qf6+ 49. Kc5 Qc3+ 50. Kb5 Qd3+ 51. Kxa5 Qd5+ 52. Kb4 Qd4+ 53. Kb5 Qd5+ 54. Kb6 1-0


[Site "https://www.chess.com"]

[Event "Titled Tuesday Blitz March 07 Early 2023"]
[White "Baruch, Liam"]
[Black "Arencibia Monduy, Antonio"]
[WhiteFideId "14322064"]
[BlackFideId "3507939"]
[WhiteElo "2063"]
[BlackElo "2520"]
[Result "0-1"]
[Round "01"]
[TimeControl "180+2"]
[Date "2023.03.07"]
[WhiteClock "0:00:04"]
[BlackClock "0:00:06"]

1. e4 e6 2. d4 d5 3. Nc3 dxe4 4. Nxe4 Nd7 5. Nf3 Ngf6 6. Nxf6+ Nxf6 7. Bd3 Be7 8. O-O O-O 9. Ne5 c5 10. dxc5 Qc7 11. Bf4 Qxc5 12. Re1 Nd5 13. Bg3 Nb4 14. Be4 f5 15. c3 fxe4 16. cxb4 Qxb4 17. Qg4 Qxb2 18. Qxe4 Bf6 19. Nc4 Qd4 20. Qc2 b5 21. Nd6 Qxa1 22. Rxa1 Bxa1 23. Qc6 Rb8 24. Nxb5 Rb6 25. Qc1 Rxb5 26. Qxa1 Bb7 27. h3 Rbf5 28. Qe1 Bd5 29. Qb1 R5f7 30. a3 h6 31. Qb4 Rb7 32. Qh4 Rbf7 33. Qb4 Kh7 34. Qb1+ Kh8 35. Qg6 Rf6 36. Qd3 Kg8 37. Qc3 R6f7 38. f3 Rb7 39. Bd6 Re8 40. Be5 Rf7 41. Kh2 Ref8 42. Bd4 Re8 43. Qe3 Ree7 44. Bc5 Rb7 45. Qd4 a6 46. Qd3 Rbc7 47. Bd4 Rb7 48. Qxa6 Rb3 49. Qc8+ Kh7 50. Qc2+ Kg8 51. Be5 Rxa3 52. Qc8+ Kh7 53. Qc2+ Kg8 54. Qc1 Raa7 55. Qc8+ Kh7 56. Qc2+ Kg8 57. Qb2 Rab7 58. Qc2 Ra7 59. Bd4 Ra2 60. Qc8+ Kh7 61. Kg3 Ra6 62. Qc3 Rc6 63. Qd3+ Kg8 64. Qb5 Rc8 65. Qb4 Rcf8 66. Qd2 Rd8 67. Qc3 Re8 68. Qb2 Rd7 69. Qb4 Ree7 70. Bc5 Rf7 71. Qd4 Kh7 72. Qd3+ Rf5 73. Qc3 Kg8 74. Kh2 Rdf7 75. Bd4 Rf4 76. Be5 R4f5 77. Bd6 h5 78. Bg3 Kh7 79. Be5 Rg5 80. Bd4 Rg6 81. Qd3 Rf5 82. Be3 Rf7 83. Qc2 Rb7 84. g4 hxg4 85. hxg4 Bb3 86. Qc3 Bd5 87. Kg3 Rb3 88. Qd4 Rf6 89. Bf4 Rxf3+ 90. Kh4 R3xf4 91. Qd2 Rf3 92. Qh2 Kg8 93. Kg5 Rf8 94. Qc7 R3f6 95. Kh4 Be4 96. Kg3 Bh7 97. Kh4 Rh6+ 98. Kg3 Rg6 99. Kh4 Rgf6 100. Kg3 R6f7 101. Qc6 Rf6 102. g5 Rg6 103. Kg4 Kh8 104. Kh4 Bg8 105. Kg4 Bf7 106. Qc2 Kg8 107. Qh2 Re8 108. Qe2 e5 109. Qe4 Rge6 110. Kg3 Bg6 111. Qe3 e4 112. Qf2 Rf8 113. Qc5 Rf3+ 114. Kg4 Rf8 115. Qd5 Re8 116. Kf4 e3 117. Qd1 e2 118. Qe1 Rf8+ 119. Kg4 Rf1 120. Qb4 e1=Q 121. Qb8+ Rf8 122. Qxf8+ Kxf8 123. Kf4 Re4+ 124. Kf3 Qe2+ 125. Kg3 Rg4+ 126. Kh3 Qg2# 0-1


[Site "https://www.chess.com"]

[Event "Titled Tuesday Blitz March 07 Early 2023"]
[White "Sharapov, Evgeny"]
[Black "Kriti Mayur Patel"]
[WhiteFideId "14103133"]
[BlackFideId "35061780"]
[WhiteElo "2367"]
[BlackElo "1306"]
[Result "1-0"]
[Round "01"]
[TimeControl "180+2"]
[Date "2023.03.07"]
[WhiteClock "0:01:43"]
[BlackClock "0:01:49"]

1. e4 e5 2. Nf3 Nc6 3. Bb5 a6 4. Ba4 Nf6 5. d3 b5 6. Bb3 Bc5 7. O-O d6 8. h3 h6 9. c3 O-O 10. Re1 Bb6 11. Nbd2 Ne7 12. Nf1 Ng6 13. Ng3 Bb7 14. Be3 a5 15. Bxb6 cxb6 16. a3 Qd7 17. d4 Rad8 18. Qd2 Nh5 19. Nxh5 Kh7 20. dxe5 dxe5 21. Qxd7 Rxd7 22. Rad1 Rc7 23. Ng3 Nf4 24. Nxe5 Rc5 25. Nxf7 a4 26. Ba2 Rc7 27. Nd6 Ba8 28. Nxb5 Rc5 29. Nd4 Rg5 30. Nf3 Rg6 31. Bb1 Kh8 32. e5 Bxf3 33. gxf3 Rg5 34. h4 Re8 35. hxg5 1-0


[Site "https://www.chess.com"]

[Event "Titled Tuesday Blitz March 07 Early 2023"]
[White "Necula, Iulian"]
[Black "Petukhov, Dmitry"]
[WhiteFideId "1232380"]
[BlackFideId "4142748"]
[WhiteElo "1790"]
[BlackElo "2311"]
[Result "0-1"]
[Round "01"]
[TimeControl "180+2"]
[Date "2023.03.07"]
[WhiteClock "0:00:19"]
[BlackClock "0:00:58"]

1. d4 Nf6 2. Nc3 g6 3. e4 d6 4. Be3 Bg7 5. Qd2 O-O 6. Bh6 c5 7. Bxg7 Kxg7 8. O-O-O cxd4 9. Qxd4 Nc6 10. Qd2 Be6 11. Kb1 Qa5 12. a3 Rac8 13. h4 h5 14. f3 Rh8 15. Nh3 Ne5 16. Ng5 Bc4 17. Bd3 b5 18. Nd5 Qxd2 19. Rxd2 Nxd5 20. exd5 Nxd3 21. cxd3 Bxd5 22. Re1 e6 23. Nh3 Bb3 24. Nf4 Rc7 25. Ne2 Rhc8 26. Nd4 Bd5 27. Nxb5 Rd7 28. Nc3 Bb3 29. Ne4 d5 30. Ng5 Rdc7 31. Nh3 Rc2 32. Red1 e5 33. Ng5 f6 34. Nh3 Kf7 35. Ng1 Ke6 36. Ne2 d4 37. f4 Kd5 38. fxe5 fxe5 39. Nc1 Rxc1+ 40. Rxc1 Ba2+ 41. Kxa2 Rxc1 42. g4 e4 43. dxe4+ Kxe4 44. gxh5 gxh5 45. Rg2 d3 46. Rg5 d2 0-1


[Site "https://www.chess.com"]

[Event "Titled Tuesday Blitz March 07 Early 2023"]
[White "Sztokbant, Bernardo Vainzoff"]
[Black "Vanek, Tomas"]
[WhiteFideId "2115956"]
[BlackFideId "313459"]
[WhiteElo "2222"]
[BlackElo "2052"]
[Result "1-0"]
[Round "01"]
[TimeControl "180+2"]
[Date "2023.03.07"]
[WhiteClock "0:00:11"]
[BlackClock "0:00:25"]

1. e4 c5 2. c3 Nf6 3. e5 Nd5 4. d4 cxd4 5. Nf3 d6 6. cxd4 Nc6 7. Nc3 e6 8. Nxd5 exd5 9. Bd3 Bg4 10. O-O Bxf3 11. Qxf3 dxe5 12. dxe5 Be7 13. Bf4 O-O 14. Rad1 Bg5 15. Bg3 g6 16. Bc2 d4 17. Rfe1 Qe7 18. Qe4 Rad8 19. f4 Bh6 20. f5 Be3+ 21. Kh1 Nb4 22. Bb3 gxf5 23. Qxf5 Qg5 24. Qf3 Nc6 25. Qe4 Qg6 26. Qf3 Kg7 27. Rf1 f5 28. exf6+ Rxf6 29. Qxf6+ Qxf6 30. Rxf6 Kxf6 31. Rf1+ Kg7 32. Rf7+ Kg6 33. Rxb7 d3 34. Rc7 Nd4 35. Bd1 d2 36. Rxa7 Rf8 37. Ra6+ Kg7 38. Be5+ Kg8 39. Rf6 Re8 40. Bg3 Bg5 41. Rf1 Nf5 42. Bf2 Ne3 43. Rg1 Nxd1 44. Rxd1 Kg7 45. Kg1 Kf6 46. Kf1 Bf4 47. g3 Bh6 48. b4 Re5 49. Bd4 Kf5 50. Bxe5 Kxe5 51. Ke2 Kd4 52. Rxd2+ Bxd2 53. Kxd2 Kc4 54. a3 Kb5 55. Ke3 Ka4 56. Kf4 Kxa3 57. b5 Kb4 58. b6 Kc5 59. b7 Kd6 60. b8=Q+ Ke7 61. Qh8 Kf7 62. Qxh7+ Kf6 63. g4 Ke6 64. Qf5+ Kd6 65. g5 Ke7 66. g6 Kd8 67. g7 Ke7 68. g8=Q Kd6 69. Qge6+ Kc7 70. Qff7+ 1-0


[Site "https://www.chess.com"]

[Event "Titled Tuesday Blitz March 07 Early 2023"]
[White "Tharushi, T H D Niklesha"]
[Black "Ilkhomi, Jaloliddin"]
[WhiteFideId "9918264"]
[BlackFideId "14700948"]
[WhiteElo "1596"]
[BlackElo "2045"]
[Result "0-1"]
[Round "01"]
[TimeControl "180+2"]
[Date "2023.03.07"]
[WhiteClock "0:00:02"]
[BlackClock "0:02:15"]

1. d4 Nf6 2. c4 e6 3. Nc3 Bb4 4. Qc2 O-O 5. Nf3 b6 6. g3 Bb7 7. Bg2 d5 8. Ne5 Nbd7 9. Bg5 h6 10. Nxd7 hxg5 11. Nxf6+ Qxf6 12. O-O Qxd4 13. cxd5 exd5 14. Rad1 Qe5 15. Nxd5 Bxd5 16. Rxd5 Qe7 17. Rfd1 Rad8 18. Qc4 Bc5 19. e3 Rxd5 20. Qxd5 Bd6 21. a3 Rd8 22. Qb7 a5 23. Qd5 Qf6 24. Qf3 Qxb2 25. Qf5 Qf6 26. Qxf6 gxf6 27. a4 Kf8 28. Bc6 Ke7 29. Kg2 Bc5 30. Rxd8 Kxd8 31. Kf3 Ke7 32. Ke4 Kd6 33. Be8 c6 34. Bxf7 b5 0-1


[Site "https://www.chess.com"]

[Event "Titled Tuesday Blitz March 07 Early 2023"]
[White "Berthier, Hugo"]
[Black "Castillo Pena, Patricia Evarista"]
[WhiteFideId "655864"]
[BlackFideId "6412106"]
[WhiteElo "2193"]
[BlackElo "1919"]
[Result "1-0"]
[Round "01"]
[TimeControl "180+2"]
[Date "2023.03.07"]
[WhiteClock "0:00:03"]
[BlackClock "0:00:02"]

1. e4 c5 2. Nf3 d6 3. Bb5+ Bd7 4. Bxd7+ Qxd7 5. O-O Nf6 6. Re1 Nc6 7. c3 g6 8. d4 cxd4 9. cxd4 e6 10. Nc3 Bg7 11. Bf4 O-O 12. h3 Rfd8 13. Qd2 Rac8 14. Rad1 Qe7 15. Bg5 h6 16. Bxh6 Kh7 17. Bxg7 Kxg7 18. Qg5 e5 19. d5 Nb4 20. a3 Na6 21. Qe3 Nc5 22. b4 Nb3 23. Rb1 Nd4 24. Nxd4 exd4 25. Qxd4 Kg8 26. Rbc1 a6 27. f3 b5 28. Nb1 Nh5 29. Nd2 Nf4 30. Kh2 Qg5 31. g3 Nh5 32. Qf2 Qe5 33. Nf1 Rc4 34. Rxc4 bxc4 35. f4 Qc3 36. Re3 Qd4 37. Qd2 Qa1 38. Kg2 Rc8 39. Rc3 Nf6 40. Qe3 Nxe4 41. Rc1 Qb2+ 42. Kf3 1-0


[Site "https://www.chess.com"]

[Event "Titled Tuesday Blitz March 07 Early 2023"]
[White "Wickramasinghe, Minethma Lasandi"]
[Black "Orzech, Dominik"]
[WhiteFideId "9966170"]
[BlackFideId "1115065"]
[WhiteElo "1406"]
[BlackElo "2260"]
[Result "0-1"]
[Round "01"]
[TimeControl "180+2"]
[Date "2023.03.07"]
[WhiteClock "0:01:01"]
[BlackClock "0:02:32"]

1. d4 Nf6 2. c4 c5 3. d5 e6 4. Nc3 exd5 5. Nxd5 d6 6. g3 Nxd5 7. cxd5 g6 8. Bg2 Bg7 9. a4 O-O 10. Qc2 Re8 11. e4 Na6 12. Bd2 Nb4 13. Bxb4 cxb4 14. Ne2 Bd7 15. O-O Rc8 16. Qd2 a5 17. Nd4 Qb6 18. Rfd1 Bxd4 19. Qxd4 Qxd4 20. Rxd4 Rc2 21. b3 Rec8 22. Rad1 Rb2 23. R4d3 Rc3 24. f4 Rbxb3 25. Rd4 Bxa4 0-1


[Site "https://www.chess.com"]

[Event "Titled Tuesday Blitz March 07 Early 2023"]
[White "Ezat, Mohamed"]
[Black "Lohani, Sujana"]
[WhiteFideId "10600906"]
[BlackFideId "12311987"]
[WhiteElo "2386"]
[BlackElo "1718"]
[Result "1-0"]
[Round "01"]
[TimeControl "180+2"]
[Date "2023.03.07"]
[WhiteClock "0:00:14"]
[BlackClock "0:00:01"]

1. d4 g6 2. e4 Bg7 3. Nf3 d6 4. Nc3 Nf6 5. Bg5 O-O 6. h3 h6 7. Be3 a6 8. Qd2 Kh7 9. g4 b5 10. g5 b4 11. gxf6 bxc3 12. bxc3 exf6 13. h4 Bg4 14. Be2 Nd7 15. Ng5+ fxg5 16. Bxg4 gxh4 17. Bxd7 Qxd7 18. Rxh4 h5 19. O-O-O Rab8 20. Rdh1 Qb5 21. Qd3 Bf6 22. Kd2 Qxd3+ 23. Kxd3 Bxh4 24. Rxh4 Rb2 25. a4 Ra2 26. f4 Rxa4 27. f5 Ra5 28. d5 Re8 29. Rf4 Kg7 30. Bd4+ Kg8 31. fxg6 fxg6 32. Rf6 Kh7 33. Rf7+ Kh6 34. Be3+ g5 35. Rxc7 Ra4 36. c4 Ra3+ 37. c3 Ra1 38. Rd7 h4 39. Rxd6+ Kh5 40. Rd7 Re1 41. c5 Kg4 42. c6 Kf3 43. Bxg5 R1xe4 44. c7 Rc8 45. d6 Re6 46. Rf7+ 1-0


[Site "https://www.chess.com"]

[Event "Titled Tuesday Blitz March 07 Early 2023"]
[White "Nan, M K Khine Hlyan"]
[Black "Kislov, Oleg"]
[WhiteFideId "13002899"]
[BlackFideId "13503774"]
[WhiteElo "1943"]
[BlackElo "2186"]
[Result "0-1"]
[Round "01"]
[TimeControl "180+2"]
[Date "2023.03.07"]
[WhiteClock "0:01:56"]
[BlackClock "0:02:38"]

1. e4 c5 2. Nf3 Nc6 3. d4 cxd4 4. Nxd4 e5 5. Nb5 d6 6. N1c3 a6 7. Na3 b5 8. Nd5 Nge7 9. c4 Nd4 10. Nc2 Nxd5 11. cxd5 Bg4 12. f3 Qh4+ 13. g3 Nxf3+ 14. Qxf3 Bxf3 15. gxh4 Bxh1 16. Be3 Bxe4 17. Bh3 0-1


[Site "https://www.chess.com"]

[Event "Titled Tuesday Blitz March 07 Early 2023"]
[White "Ramirez Allo, Eduardo"]
[Black "Yang,ching Wei, Austin"]
[WhiteFideId "2224178"]
[BlackFideId "16300440"]
[WhiteElo "2513"]
[BlackElo "2101"]
[Result "0-1"]
[Round "01"]
[TimeControl "180+2"]
[Date "2023.03.07"]
[WhiteClock "0:00:05"]
[BlackClock "0:00:04"]

1. d4 d5 2. c4 c6 3. Nf3 Nf6 4. Qc2 e6 5. Nbd2 Nbd7 6. g3 Bd6 7. Bg2 O-O 8. O-O b6 9. e4 dxe4 10. Nxe4 Nxe4 11. Qxe4 Bb7 12. Ne5 Rc8 13. Bf4 Qc7 14. Rfd1 Nf6 15. Qe2 Rfd8 16. Rd2 c5 17. d5 exd5 18. cxd5 Re8 19. Re1 Nd7 20. Nxd7 Rxe2 21. Rdxe2 Qxd7 22. Bxd6 Qxd6 23. Re8+ Rxe8 24. Rxe8+ Qf8 25. Rxf8+ Kxf8 26. Kf1 Ke8 27. Be4 h6 28. Ke2 Kd7 29. Kd3 Kd6 30. Kc4 Ba6+ 31. Kc3 Bf1 32. f4 f6 33. a3 b5 34. b3 Bh3 35. Bd3 a6 36. a4 Bd7 37. axb5 axb5 38. Be4 Bc8 39. b4 Bb7 40. bxc5+ Kxc5 41. d6 Bc8 42. Bd3 Kxd6 43. Bxb5 Kd5 44. Kd3 Bf5+ 45. Ke3 Bb1 46. Be2 Ba2 47. Bf3+ Ke6 48. Kd4 Kf5 49. Kc5 Bb1 50. Kd6 Ba2 51. Ke7 g5 52. fxg5 hxg5 53. h4 gxh4 54. gxh4 Kg6 55. Bg4 f5 56. Bf3 Bb1 57. Ke6 Be4 58. Ke5 Bxf3 59. Kf4 Bg4 60. Kg3 Kh5 61. Kf4 Kxh4 0-1


[Site "https://www.chess.com"]

[Event "Titled Tuesday Blitz March 07 Early 2023"]
[White "Carlsen, Magnus"]
[Black "Goudriaan, Etienne"]
[WhiteFideId "1503014"]
[BlackFideId "1021150"]
[WhiteElo "2852"]
[BlackElo "2318"]
[Result "1-0"]
[Round "02"]
[TimeControl "180+2"]
[Date "2023.03.07"]
[WhiteClock "0:00:45"]
[BlackClock "0:00:02"]

1. a3 d5 2. f4 Nc6 3. d4 Bf5 4. e3 Nf6 5. c4 e6 6. Nc3 a6 7. Nf3 Ne4 8. Bd3 Be7 9. O-O Qd7 10. cxd5 exd5 11. Ne5 Nxe5 12. fxe5 Bg6 13. Nxe4 Bxe4 14. Bxe4 dxe4 15. Qc2 c5 16. Qxe4 Rd8 17. Rd1 O-O 18. d5 Rfe8 19. Qf4 g5 20. Qg3 Qa4 21. Qf3 g4 22. b3 gxf3 23. bxa4 fxg2 24. Ra2 Kh8 25. Rxg2 Bf8 26. Bb2 Bg7 27. Rg5 h6 28. Rf5 Kg8 29. Kf2 Re7 30. Rg1 Kf8 31. d6 Re6 32. Kf3 b5 33. a5 Rb8 34. Ke4 b4 35. Rgf1 Rb7 36. Kd5 bxa3 37. Bxa3 Ke8 38. Bxc5 Rb5 39. Kc6 Bxe5 40. Rxe5 Rxe5 41. d7+ Kd8 42. Bb6+ Rxb6+ 43. axb6 Re6+ 44. Kb7 Kxd7 45. Ka7 Re7 46. b7 Kc6 47. Rf6+ Kb5 48. Rxa6 1-0


[Site "https://www.chess.com"]

[Event "Titled Tuesday Blitz March 07 Early 2023"]
[White "Lewtak, Damian"]
[Black "Nakamura, Hikaru"]
[WhiteFideId "1141724"]
[BlackFideId "2016192"]
[WhiteElo "2302"]
[BlackElo "2879"]
[Result "0-1"]
[Round "02"]
[TimeControl "180+2"]
[Date "2023.03.07"]
[WhiteClock "0:00:22"]
[BlackClock "0:01:06"]

1. e4 c6 2. Nf3 d5 3. d3 Bg4 4. h3 Bh5 5. Nbd2 e6 6. c3 Bd6 7. g3 Nd7 8. Bg2 Ne7 9. O-O O-O 10. Re1 f5 11. exf5 exf5 12. Nf1 Kh8 13. N1h2 Ng8 14. Qc2 f4 15. g4 Bg6 16. Nd4 Nc5 17. Bf1 Qd7 18. b4 Na6 19. Ndf3 Rae8 20. Bd2 c5 21. a3 c4 22. Nh4 Bf7 23. Nf5 Bb8 24. Nf3 h5 25. dxc4 dxc4 26. Rad1 Qc8 27. Nh2 hxg4 28. Nxg4 Bg6 29. Rxe8 Rxe8 0-1


[Site "https://www.chess.com"]

[Event "Titled Tuesday Blitz March 07 Early 2023"]
[White "Nihal Sarin"]
[Black "Fiorito, Francisco"]
[WhiteFideId "25092340"]
[BlackFideId "180165"]
[WhiteElo "2689"]
[BlackElo "2341"]
[Result "1-0"]
[Round "02"]
[TimeControl "180+2"]
[Date "2023.03.07"]
[WhiteClock "0:00:15"]
[BlackClock "0:00:13"]

1. e4 c5 2. Nf3 Nc6 3. Bb5 g6 4. Bxc6 dxc6 5. d3 Bg7 6. Nc3 Qc7 7. h3 e5 8. Be3 b6 9. O-O Ne7 10. a3 O-O 11. b4 cxb4 12. axb4 f6 13. b5 Be6 14. Qb1 c5 15. Ra4 Rfd8 16. Qb2 Rd7 17. Rfa1 Rad8 18. Ne1 Nc8 19. Ne2 Rf7 20. c4 f5 21. f3 Qe7 22. Nc3 h6 23. Nd5 Bxd5 24. cxd5 f4 25. Bf2 g5 26. Nc2 h5 27. Na3 g4 28. Nc4 Qg5 29. Kf1 Kh7 30. Qe2 gxh3 31. gxh3 Bh8 32. h4 Qg6 33. Qe1 Rg8 34. Ke2 Qg2 35. Qh1 Bf6 36. Rg1 Qxh1 37. Rxh1 Rg2 38. Kf1 Rg6 39. Rg1 Rxg1+ 40. Kxg1 Rd7 41. Be1 Kg6 42. Bc3 Re7 43. d6 Nxd6 44. Nxd6 Rd7 45. Nc4 Rxd3 46. Bxe5 Rxf3 47. Rxa7 Bxh4 48. Rg7+ Kh6 49. Nd6 Bf2+ 50. Kg2 Rg3+ 51. Kxf2 Rxg7 52. Nf5+ 1-0


[Site "https://www.chess.com"]

[Event "Titled Tuesday Blitz March 07 Early 2023"]
[White "Kvaloy, Aksel Bu"]
[Black "Naroditsky, Daniel"]
[WhiteFideId "1528815"]
[BlackFideId "2026961"]
[WhiteElo "2208"]
[BlackElo "2633"]
[Result "0-1"]
[Round "02"]
[TimeControl "180+2"]
[Date "2023.03.07"]
[WhiteClock "0:00:01"]
[BlackClock "0:00:13"]

1. d4 Nf6 2. c4 g6 3. Nc3 Bg7 4. Nf3 O-O 5. Bg5 d6 6. e3 c5 7. Be2 Nc6 8. O-O Bg4 9. h3 Bxf3 10. Bxf3 Rc8 11. Re1 Nd7 12. Bxc6 Rxc6 13. d5 Rc8 14. Qd2 h6 15. Bh4 g5 16. Bg3 f5 17. f4 Qe8 18. e4 fxe4 19. Nxe4 gxf4 20. Bxf4 Qg6 21. Kh1 Ne5 22. Rac1 Rf7 23. Bxe5 Bxe5 24. b3 Rcf8 25. Qd3 Qf5 26. Rcd1 Kh8 27. Qe3 Qg6 28. Qe2 Rf4 29. Qe3 Rxe4 30. Qxe4 Rf1+ 31. Rxf1 Qxe4 32. Rde1 Qd3 33. Rf3 Qd2 34. Ref1 Bf6 35. R3f2 Qd4 36. Rf3 a6 37. a4 b5 38. axb5 axb5 39. Rf4 Qc3 40. R4f3 Qb4 41. Rc1 Bg5 42. Rc2 bxc4 43. bxc4 Qe1+ 44. Kh2 Bf6 45. Rcf2 Qe4 46. Rf4 Be5 47. g3 Bxf4 48. Rxf4 Qe2+ 49. Kg1 Kg7 50. Rg4+ Kf6 51. Rf4+ Ke5 52. Kh1 Qe3 53. Kg2 Qxf4 54. gxf4+ Kxf4 55. Kf2 Ke4 56. Kg3 Kd4 57. Kg4 Kxc4 58. Kh5 Kxd5 59. Kxh6 c4 60. Kg6 c3 61. h4 c2 62. h5 c1=Q 63. h6 Qc3 64. h7 Qh8 65. Kf7 Qxh7+ 66. Ke8 e5 67. Kd8 Kc6 68. Ke8 e4 69. Kf8 e3 70. Ke8 e2 71. Kf8 d5 72. Ke8 e1=Q+ 73. Kf8 Qee7# 0-1


[Site "https://www.chess.com"]

[Event "Titled Tuesday Blitz March 07 Early 2023"]
[White "Duda, Jan-Krzysztof"]
[Black "Trent, Lawrence"]
[WhiteFideId "1170546"]
[BlackFideId "408638"]
[WhiteElo "2790"]
[BlackElo "2458"]
[Result "1-0"]
[Round "02"]
[TimeControl "180+2"]
[Date "2023.03.07"]
[WhiteClock "0:01:53"]
[BlackClock "0:01:04"]

1. d4 Nf6 2. c4 g6 3. f3 Bg7 4. e4 d6 5. Nc3 O-O 6. Be3 c5 7. Nge2 Nc6 8. Qd2 Qa5 9. Rc1 cxd4 10. Nxd4 Bd7 11. Nb3 Qb4 12. Qc2 Na5 13. Nd2 Nc6 14. Nb3 Na5 15. Nd2 Nc6 16. Be2 Nh5 17. Nb3 Na5 18. O-O Nxb3 19. axb3 e6 20. Ra1 a6 21. Rfd1 Rfc8 22. g4 Nf6 23. e5 Ne8 24. exd6 b5 25. Na2 Qa5 26. b4 Qd8 27. c5 Nf6 28. Nc3 Bc6 29. Bd4 Nd7 30. Qd2 e5 31. Be3 f5 32. Nd5 Kh8 33. Ne7 1-0


[Site "https://www.chess.com"]

[Event "Titled Tuesday Blitz March 07 Early 2023"]
[White "Guzman, Christopher"]
[Black "Andreikin, Dmitry"]
[WhiteFideId "6405096"]
[BlackFideId "4158814"]
[WhiteElo "2281"]
[BlackElo "2736"]
[Result "0-1"]
[Round "02"]
[TimeControl "180+2"]
[Date "2023.03.07"]
[WhiteClock "0:01:26"]
[BlackClock "0:02:08"]

1. e4 c5 2. Nf3 d6 3. d4 cxd4 4. Nxd4 Nf6 5. Nc3 g6 6. h4 Nc6 7. Be2 Bg7 8. Be3 h5 9. Qd2 Bd7 10. O-O-O Rc8 11. Kb1 a6 12. f3 Ne5 13. Bg5 b5 14. a3 O-O 15. Nd5 Nxd5 16. exd5 Nc4 17. Qe1 Qb6 18. c3 a5 19. Bxc4 Rxc4 20. Qxe7 b4 21. Qxd7 bxc3 22. Qb5 c2+ 23. Ka2 cxd1=Q 24. Rxd1 Bxd4 0-1


[Site "https://www.chess.com"]

[Event "Titled Tuesday Blitz March 07 Early 2023"]
[White "Erigaisi Arjun"]
[Black "Tan, Jun Ying"]
[WhiteFideId "35009192"]
[BlackFideId "5710413"]
[WhiteElo "2737"]
[BlackElo "2089"]
[Result "1-0"]
[Round "02"]
[TimeControl "180+2"]
[Date "2023.03.07"]
[WhiteClock "0:01:46"]
[BlackClock "0:00:02"]

1. b3 d5 2. Bb2 c6 3. Nf3 Bf5 4. d3 e6 5. Nbd2 Nf6 6. Nh4 Bg6 7. g3 Nbd7 8. Bg2 Be7 9. O-O O-O 10. Nxg6 hxg6 11. e4 Qc7 12. Qe2 a5 13. e5 Ne8 14. a3 a4 15. b4 c5 16. b5 Qa5 17. c4 Nb6 18. h4 Qa7 19. f4 dxc4 20. dxc4 Rd8 21. Ne4 Nc7 22. Rac1 Qa5 23. h5 gxh5 24. Qxh5 Nxc4 25. Rxc4 Qxb5 26. Rc2 Nd5 27. Nf6+ Nxf6 28. exf6 Bxf6 29. Bxf6 gxf6 30. Be4 Rfe8 31. Qh6 f5 32. Rh2 f6 33. Qxf6 Qxf1+ 34. Kxf1 Rd1+ 35. Ke2 fxe4 36. Rh8# 1-0


[Site "https://www.chess.com"]

[Event "Titled Tuesday Blitz March 07 Early 2023"]
[White "Pranav, V"]
[Black "Hamitevici, Vladimir"]
[WhiteFideId "25060783"]
[BlackFideId "13902393"]
[WhiteElo "2500"]
[BlackElo "2401"]
[Result "1-0"]
[Round "02"]
[TimeControl "180+2"]
[Date "2023.03.07"]
[WhiteClock "0:00:10"]
[BlackClock "0:00:44"]

1. e4 e5 2. Nf3 Nc6 3. Bb5 a6 4. Ba4 d6 5. Bxc6+ bxc6 6. d4 exd4 7. Nxd4 c5 8. Nc6 Qd7 9. Na5 Nf6 10. O-O Be7 11. Nc3 O-O 12. Re1 Re8 13. Bg5 h6 14. Bh4 Rb8 15. b3 Rb4 16. Nc4 Qg4 17. Qxg4 Bxg4 18. e5 dxe5 19. Nxe5 Be6 20. Bg3 Bd6 21. Nf3 c4 22. Rad1 cxb3 23. axb3 Bxg3 24. hxg3 c5 25. Ne5 Rc8 26. Ra1 c4 27. bxc4 Bxc4 28. Nxc4 Rbxc4 29. Nd1 Rxc2 30. Ne3 Rc1 31. Rexc1 1-0


[Site "https://www.chess.com"]